 Dungeon Crawl Stone Soup version 0.30-a0-743-gbfdf073431 (webtiles) character file.

Game seed: 4893976378573581174

83318 zero the Eclecticist (level 15, -4/92 HPs)
             Began as a Gargoyle Earth Elementalist on Feb 7, 2023.
             Was a High Priest of Vehumet.
             Killed from afar by a rakshasa (20 damage)
             ... with a lance of force
             ... on level 14 of the Dungeon.
             The game lasted 00:37:50 (24020 turns).

zero the Eclecticist (Gargoyle Earth Elementalist) Turns: 24020, Time: 00:37:51

Health: -4/92      AC: 24    Str: 13    XL:     15   Next: 76%
Magic:  20/34      EV: 14    Int: 22    God:    Vehumet [*****.]
Gold:   2212       SH:  0    Dex: 16    Spells: 28/44 levels left

rFire   . . .      SeeInvis .    t - staff of conjuration {!a}
rCold   + . .      Faith    .    (no shield)
rNeg    + . .      Spirit   .    w - +2 troll leather armour {Pargi}
rPois   ∞          Reflect  .    z - +0 hat {Will+}
rElec   +          Harm     .    P - +2 cloak
rCorr   .          Rampage  .    (no gloves)
Will    ++...                    A - +2 pair of boots
Stlth   ++                       b - amulet of magic regeneration
HPRegen 1.15/turn                c - +6 ring of dexterity
MPRegen 0.64/turn                r - ring of protection from cold

@: flying
A: sickness immunity, AC +11, big wings, negative energy resistance 1,
electricity resistance, torment resistance 1, petrification resistance
a: Renounce Religion


You were on level 14 of the Dungeon.
You worshipped Vehumet.
Vehumet was extremely pleased with you.
You visited 4 branches of the dungeon, and saw 22 of its levels.
You also visited: Sewer, Bailey and Volcano.

You collected 2374 gold pieces.
You spent 162 gold pieces at shops.

Inventory:

Hand Weapons
 j - a +6 rapier of draining
 N - the +5 hammer "Nyofaciz" {heavy, Str+3 SInv}
   (You found it on level 6 of the Dungeon)

   Str:       It affects your strength (+3).
   SInv:      It lets you see invisible.
Missiles
 J - 10 curare-tipped darts
 Q - 3 throwing nets
Armour
 a - a +0 robe
 w - a +2 troll leather armour (worn) {Pargi}
 z - a +0 hat of willpower (worn)
 A - a +2 pair of boots (worn)
 P - a +2 cloak (worn)
Magical Staves
 t - a staff of conjuration (weapon) {!a}
Jewellery
 b - an amulet of magic regeneration (around neck)
 c - a +6 ring of dexterity (left hand)
 r - a ring of protection from cold (right hand)
 H - an amulet of the acrobat
 I - a +6 ring of dexterity
Wands
 d - a wand of paralysis (13)
 E - a wand of digging (18)
 F - a wand of light (14)
 G - a wand of flame (64)
 K - a wand of polymorph (4)
 O - a wand of roots (5)
Scrolls
 e - 4 scrolls of poison
 g - 5 scrolls of teleportation
 o - 7 scrolls of identify
 s - 5 scrolls of blinking
 y - 3 scrolls of magic mapping
 C - a scroll of silence
 T - a scroll of amnesia
 U - a scroll of butterflies
 V - a scroll of fear
Potions
 f - 2 potions of magic
 i - 3 potions of flight
 k - 9 potions of curing
 l - 2 potions of cancellation
 m - 5 potions of resistance
 n - 9 potions of haste
 q - 5 potions of brilliance
 v - 5 potions of attraction
 x - a potion of invisibility
 D - 5 potions of mutation
 L - 5 potions of might
 M - 3 potions of heal wounds
Miscellaneous
 R - a lightning rod (4/4)
 S - a phial of floods
 W - a box of beasts


   Skills:
 - Level 10.0 Fighting
 - Level 5.0 Armour
 - Level 5.0 Dodging
 - Level 3.0 Stealth
 - Level 15.0 Spellcasting
 + Level 11.4 Conjurations
 - Level 2.0 Translocations
 - Level 1.2 Transmutations
 - Level 8.0 Ice Magic
 - Level 8.0 Air Magic
 + Level 11.7 Earth Magic
 - Level 5.0 Evocations


You had 28 spell levels left.
You knew the following spells:

 Your Spells              Type           Power      Damage    Failure   Level
a - Sandblast             Erth           100%       2d20      1%          1
b - Stone Arrow           Conj/Erth      100%       3d13      1%          3
c - Arcjolt               Conj/Air       36%        1d46      1%          5
d - Blink                 Tloc           50%        N/A       3%          2
e - Freezing Cloud        Conj/Ice/Air   35%        6-21      1%          5

Your spell library contained the following spells:

 Spells                   Type           Power      Damage    Failure   Level
 Irradiate                Conj/Tmut      30%        3d21      2%          5
 Momentum Strike          Conj/Tloc      100%       3d10      1%          2
 Passwall                 Tmut/Erth      37%        N/A       1%          2
 Kindle Blastsparks       Fire/Tloc/Air  62%        2d15      1%          3
 Flame Wave               Conj/Fire      58%        2d14      1%          4
 Sticky Flame             Conj/Fire      58%        2d7       1%          4
 Lesser Beckoning         Tloc           50%        N/A       3%          2
 Inner Flame              Hex/Fire       16%        N/A       3%          3
 Petrify                  Tmut/Erth      45%        N/A       3%          4
 Conjure Ball Lightning   Conj/Air       36%        3x3d12    3%          6
 Wereblood                Tmut           21%        N/A       4%          2
 Leda's Liquefaction      Hex/Erth       21%        N/A       4%          4
 Portal Projectile        Hex/Tloc       40%        N/A       9%          3
 Call Canine Familiar     Summ           16%        N/A       13%         3
 Passage of Golubria      Tloc           25%        N/A       19%         4
 Silence                  Hex/Air        17%        N/A       24%         5
 Lehudib's Crystal Spear  Conj/Erth      39%        10d10     50%         8
 Summon Hydra             Summ           8%         N/A       100%        7
 Discord                  Hex            8%         N/A       100%        8
 Disjunction              Tloc           12%        N/A       100%        8
 Sublimation of Blood     Necr           Unusable   N/A       N/A         2

Dungeon Overview and Level Annotations

Branches:
Dungeon (14/15)            Temple (1/1) D:5            Lair (5/5) D:8
 Shoals (0/4) Lair:3        Snake (0/4) Lair:3        Slime (0/5) Lair:5
    Orc (2/2) D:12            Elf (0/3) Orc:2         Sewer (visited)
 Bailey (visited)         Volcano (visited)
 Vaults: D:13-14

Altars:
Ashenzari
Hepliaklqana
Kikubaaqudgha
Nemelex Xobeh
Qazlal
Trog
Uskayaw
Vehumet
Yredelemnul
The Shining One
Jiyva

Shops:
D:4 [   D:9 [   Orc:2 !*:[(

Annotations:
D:11 2 transporters, Maurice
D:14 3 runed translucent doors, Umoran's ghost, journeyman GrEE; Vidul's ghost, journeyman OgTm


Innate Abilities, Weirdness & Mutations

You are immune to sickness and miasma.
Your stone body is resilient. (AC +11)
You are immune to poison.
Your large and strong wings let you fly.
You resist negative energy. (rN+)
You are resistant to electric shocks. (rElec)
You are resistant to unholy torment.
You are immune to petrification.


Message History

Confirm with . or Enter, or press ? or * to list all spells.
You feel a surge of power!
Electricity surges outward!
You kill the seven-headed hydra!
Vehumet accepts your kill.
You feel your power returning.
You kill the tengu warrior!
Vehumet accepts your kill.
You feel your power returning.
The skeletal warrior is heavily damaged.
The yaktaur is almost dead.
The wolf spider is engulfed in freezing vapours.
The rakshasa is engulfed in freezing vapours.
The orc knight is engulfed in freezing vapours.
The skeletal warrior is engulfed in freezing vapours.
The skeletal warrior hits you but does no damage.
The yaktaur is engulfed in freezing vapours.
You kill the yaktaur!
Vehumet accepts your kill.
You feel your power returning.
Training target 5.0 for Evocations reached!
Your Evocations skill increases to level 5!
Casting: Arcjolt (mildly dangerous; 1% risk of failure)
Confirm with . or Enter, or press ? or * to list all spells.
You can't see any susceptible monsters within range! (Use Z to cast anyway.)
Casting: Arcjolt (mildly dangerous; 1% risk of failure)
Confirm with . or Enter, or press ? or * to list all spells.
Aiming: Stone Arrow (safe; 1% risk of failure)
Press: ? - help, Shift-Dir - straight line, f/p - rakshasa
Aim: a rakshasa, wielding a +0 long sword and wearing a +0 robe (freezing vapour, heavily wounded, 66% to hit)
Okay, then.
The wolf spider is engulfed in freezing vapours.
The yaktaur is engulfed in freezing vapours.
You kill the yaktaur!
Vehumet accepts your kill.
You feel your power returning.
The skeletal warrior is engulfed in freezing vapours.
The rakshasa is engulfed in freezing vapours.
The rakshasa gestures at you. The lance of force hits you!!
You die...

.## .. ..# ... ###
..#
.(..#####.###..##
...#.#.....(...#
#...........#
#.........##
#...@.....#####
###.###.......##
#§§§z§[.#........#
##§§§R§§#.#.....##
§§§##§###.##...##
§§§§s §§§ #.##.#.#
###§ §§§ #..#####
o §#§ ##..### ###
§§ §# #§
##...##....


You could see an orc knight, a rakshasa, a skeletal warrior and a wolf spider.

Vanquished Creatures
  Rupert (Lair:3)
  Gastronok (Lair:1)
  2 orc warlords
  The ghost of Ruttas the Fighter, a journeyman TrGl of Lugonu (Orc:1)
  The ghost of Ruttas the Fighter, a journeyman TrGl of Lugonu (Orc:1)
  The ghost of Nethreeru the Cleaver, a journeyman MiFi of Dithmenos (Orc:1)
  Erolcha (D:11)
  2 centaur warriors
  The ghost of Fuodati the Reanimator, a journeyman NaNe (Lair:1)
  3 two-headed ogres
  7 hydras
  The ghost of Vaebbe the Covert, a journeyman VSBr of Dithmenos (Orc:1)
  4 boulder beetles
  8 death yaks
  2 tengu warriors
  A shock serpent (shapeshifter) (D:13)
  2 orc high priests
  Nergalle (D:10)
  Urug (Orc:1)
  Sonja (D:11)
  7 skeletal warriors
  A deep elf pyromancer (D:12)
  5 orc knights
  6 ugly things
  2 oklob plants
  6 orc sorcerers
  6 elephants (Lair:4)
  A cyclops (D:14)
  6 black mambas
  10 cane toads
  2 gargoyles
  2 kobold demonologists
  7 rime drakes
  3 yaktaurs
  7 komodo dragons
  A tengu conjurer (D:13)
  An efreet (D:13)
  4 hornets
  5 trolls
  A tyrant leech (D:11)
  12 blink frogs
  7 dream sheep (Lair:5)
  Prince Ribbit (D:7)
  2 polar bears
  A raiju (shapeshifter) (D:14)
  A shadow (D:12)
  3 slime creatures (D:12)
  Sigmund (D:6)
  50 yaks
  7 fire bats (Volcano)
  A wraith (D:11)
  7 basilisks
  5 wyverns
  5 vampire mosquitoes (D:13)
  A death yak simulacrum (Lair:5)
  A warg (Orc:2)
  2 acid dragons
  3 nagas (Lair:3)
  Edmund (D:3)
  15 water moccasins
  43 orc warriors
  Pargi (Sewer)
  2 ice beasts
  3 black bears (Lair:4)
  15 wolves
  10 ogres
  The ghost of Angani the Trooper, an amateur MeFi (D:3)
  A sky beast (D:8)
  7 centaurs
  A phantom (D:5)
  Blork the orc (D:4)
  3 kobold brigands
  10 bullfrogs
  2 necrophages
  A gnoll sergeant (D:11)
  5 scorpions
  10 wights
  4 electric eels
  4 howler monkeys
  4 lava snakes (Volcano)
  4 bullfrog zombies (D:5)
  A centaur zombie (D:5)
  A gnoll bouda (D:8)
  3 hounds
  3 jellies
  A human zombie (D:5)
  18 orc priests
  Crazy Yiuf (D:6)
  Jessica (D:2)
  Natasha (thrice) (D:4)
  7 iguanas
  17 orc wizards
  3 hell rats
  2 hound zombies (D:5)
  2 mummies (D:5)
  11 gnolls
  11 river rats
  8 adders
  A shadow imp (D:8)
  3 white imps
  3 adder zombies
  2 worms (D:2)
  A dart slug (D:1)
  73 orcs
  11 ball pythons
  7 endoplasms
  4 giant cockroaches
  17 goblins
  15 hobgoblins
  2 quokkas
  4 bats
  4 frilled lizards
  19 kobolds
  8 rats
650 creatures vanquished.

Vanquished Creatures (others)
  A howler monkey (D:13)
  14 fungi
  45 plants
  5 withered plants
65 creatures vanquished.

Grand Total: 715 creatures vanquished

Notes
Turn   | Place    | Note
-------+----------+-------------------------------------------
     0 | D:1      | zero the Gargoyle Earth Elementalist began the quest for
                  | the Orb.
     0 | D:1      | Reached XP level 1. HP: 10/10 MP: 3/3
   125 | D:1      | Reached skill level 1 in Transmutations
   125 | D:1      | Reached XP level 2. HP: 14/15 MP: 0/5
  1006 | D:2      | Reached XP level 3. HP: 19/19 MP: 4/6
  1066 | D:2      | Learned a level 3 spell: Stone Arrow
  1713 | D:2      | Reached XP level 4. HP: 22/24 MP: 5/7
  1831 | D:2      | Noticed Jessica
  1845 | D:2      | Killed Jessica
  1846 | D:2      | Reached skill level 1 in Fighting
  2141 | D:3      | Reached skill level 1 in Conjurations
  2403 | D:3      | Found a faded altar of an unknown god.
  2455 | D:3      | Reached skill level 3 in Spellcasting
  2455 | D:3      | Reached XP level 5. HP: 27/29 MP: 7/9
  2511 | D:3      | Found a runed translucent gate.
  2511 | D:3      | Found a runed translucent gate.
  2511 | D:3      | Found a runed translucent gate.
  2511 | D:3      | Noticed Angani's ghost (amateur MeFi)
  2513 | D:3      | Found a basalt altar of Yredelemnul.
  2909 | D:4      | Found a glowing drain.
  2940 | Sewer    | Entered a sewer
  2959 | Sewer    | Noticed Pargi
  2964 | Sewer    | Killed Pargi
  2965 | Sewer    | Reached skill level 4 in Spellcasting
  2965 | Sewer    | Reached skill level 5 in Earth Magic
  2965 | Sewer    | Reached XP level 6. HP: 22/35 MP: 2/12
  3473 | D:4      | Noticed Blork the orc
  3478 | D:4      | Killed Blork the orc
  3479 | D:4      | Reached skill level 5 in Spellcasting
  3576 | D:4      | Noticed Natasha
  3582 | D:4      | Killed Natasha
  3583 | D:4      | Reached XP level 7. HP: 39/40 MP: 8/14
  3642 | D:4      | Noticed Natasha
  3644 | D:4      | Killed Natasha
  3678 | D:4      | Noticed Edmund
  3691 | D:3      | Killed Edmund
  3692 | D:3      | Reached skill level 1 in Armour
  4213 | D:4      | Noticed Natasha
  4215 | D:4      | Killed Natasha
  4391 | D:4      | Found Zentaoc's Antique Armour Boutique.
  4469 | D:4      | Reached XP level 8. HP: 44/46 MP: 11/16
  4472 | D:4      | Learned a level 2 spell: Blink
  4590 | D:5      | Entered Level 5 of the Dungeon
  4971 | D:5      | Found an ancient bone altar of Kikubaaqudgha.
  4999 | D:5      | Reached skill level 6 in Spellcasting
  5285 | D:5      | Found a staircase to the Ecumenical Temple.
  5305 | D:5      | Noticed a yak
  5305 | D:5      | Noticed a yak
  5305 | D:5      | Noticed a yak
  5305 | D:5      | Noticed a yak
  5306 | D:5      | Noticed a yak
  5329 | D:4      | Killed a yak
  5330 | D:4      | Reached skill level 5 in Fighting
  5330 | D:4      | Reached XP level 9. HP: 44/54 MP: 6/18
  5612 | D:4      | Reached skill level 5 in Conjurations
  5735 | D:5      | Reached skill level 7 in Spellcasting
  5822 | D:5      | Found a sparkling altar of Nemelex Xobeh.
  6119 | Temple   | Entered the Ecumenical Temple
  6129 | Temple   | Became a worshipper of Vehumet
  6437 | D:6      | Reached skill level 8 in Spellcasting
  6442 | D:6      | Reached XP level 10. HP: 59/59 MP: 4/22
  6456 | D:4      | Reached skill level 10 in Earth Magic
  6658 | D:6      | Reached * piety under Vehumet
  6658 | D:6      | Offered knowledge of Foxfire by Vehumet.
  6764 | D:6      | Found a runed translucent door.
  6765 | D:6      | Noticed Crazy Yiuf
  6793 | D:6      | Noticed Sigmund
  6796 | D:6      | Killed Sigmund
  6797 | D:6      | Reached skill level 9 in Spellcasting
  7066 | D:6      | Killed Crazy Yiuf
  7071 | D:6      | Identified the +5 hammer "Nyofaciz" {heavy, Str+3 SInv}
  7337 | D:7      | Reached skill level 10 in Spellcasting
  7599 | D:7      | Found a hazy altar of Hepliaklqana.
  7619 | D:7      | Noticed Prince Ribbit
  7624 | D:7      | Killed Prince Ribbit
  8020 | D:7      | Reached skill level 1 in Evocations
  8086 | D:8      | Reached ** piety under Vehumet
  8086 | D:8      | Offered knowledge of Scorch by Vehumet.
  8144 | D:8      | Found a flagged portal.
  8158 | Bailey   | Entered a bailey
  8356 | Bailey   | Noticed an orc knight
  8371 | Bailey   | Killed an orc knight
  8372 | Bailey   | Reached XP level 11. HP: 29/64 MP: 1/25
  8522 | Bailey   | Noticed an orc high priest
  8537 | Bailey   | Noticed an orc knight
  8544 | Bailey   | Noticed an orc sorcerer
  8553 | Bailey   | Offered knowledge of Frozen Ramparts by Vehumet.
  8554 | Bailey   | Paralysed by an orc sorcerer for 5 turns
  8559 | Bailey   | Killed an orc sorcerer
  8565 | Bailey   | Killed an orc knight
  8910 | Bailey   | Reached *** piety under Vehumet
  9012 | Bailey   | Found an iron altar of Okawaru.
  9098 | Bailey   | Killed an orc high priest
  9124 | Bailey   | Got the Elucidation of the Nine Knaves
  9131 | Bailey   | Learned a level 5 spell: Arcjolt
  9148 | Bailey   | Identified the +0 chain mail "Tiphudo" {-Cast rElec rPois
                  | Regen+}
  9411 | D:8      | Noticed a death yak
  9411 | D:8      | Noticed a death yak
  9431 | D:10     | Entered Level 10 of the Dungeon
  9444 | D:10     | Offered knowledge of Inner Flame by Vehumet.
  9464 | D:10     | Reached skill level 1 in Air Magic
  9689 | D:9      | Found Nupafuni's Antique Armour Boutique.
  9698 | D:9      | Bought a pair of boots for 81 gold pieces
  9698 | D:9      | Bought a helmet for 81 gold pieces
 10155 | D:9      | Reached skill level 5 in Armour
 10591 | D:10     | Reached **** piety under Vehumet
 10593 | D:10     | Noticed Nergalle
 10598 | D:10     | Killed Nergalle
 10598 | D:10     | Offered knowledge of Mephitic Cloud by Vehumet.
 10782 | D:10     | Noticed a boulder beetle
 10788 | D:10     | Reached XP level 12. HP: 63/72 MP: 6/26
 10801 | D:11     | Found a transporter.
 10804 | D:11     | a boulder beetle changed into a tyrant leech
 10947 | D:10     | Acquired an amulet of magic regeneration
 11043 | D:10     | Noticed a two-headed ogre
 11051 | D:10     | Killed a two-headed ogre
 11240 | D:8      | Noticed a two-headed ogre
 11249 | D:8      | Killed a two-headed ogre
 11250 | D:8      | Reached skill level 11 in Spellcasting
 11259 | D:8      | Noticed a death yak
 11262 | D:8      | Killed a death yak
 11331 | D:8      | Killed a death yak
 11337 | D:8      | Killed a death yak
 11397 | D:8      | Found a staircase to the Lair.
 11624 | Lair:1   | Entered Level 1 of the Lair of Beasts
 11661 | Lair:1   | Reached skill level 5 in Dodging
 11708 | Lair:1   | Noticed Gastronok
 11717 | Lair:1   | Killed Gastronok
 11718 | Lair:1   | Reached skill level 5 in Air Magic
 11883 | Lair:1   | Found a runed translucent door.
 11891 | Lair:1   | Reached ***** piety under Vehumet
 11894 | Lair:1   | Offered knowledge of Freezing Cloud by Vehumet.
 11901 | Lair:1   | Learned a level 5 spell: Freezing Cloud
 12011 | Lair:1   | Reached skill level 1 in Ice Magic
 12012 | Lair:1   | Found a dark tunnel.
 12015 | Lair:1   | Identified the +1 leather armour of Qazlal, Disbelieving
                  | {Harm +Blink Fly rF-}
 12024 | Volcano  | Entered a volcano
 12198 | Volcano  | Found a bloodstained altar of Trog.
 12198 | Volcano  | Noticed a centaur warrior
 12200 | Volcano  | Noticed a hell knight
 12204 | Volcano  | Killed a centaur warrior
 12206 | Volcano  | Reached XP level 13. HP: 50/79 MP: 6/28
 12234 | Volcano  | HP: 1/79 [hell knight/+2 lajatang of flaming (3)]
 12812 | Lair:1   | Noticed Fuodati's ghost (journeyman NaNe)
 12912 | Lair:1   | Killed Fuodati's ghost
 13881 | Lair:3   | Found a staircase to the Snake Pit.
 13889 | Lair:3   | Reached skill level 5 in Ice Magic
 14003 | Lair:3   | Found a staircase to the Shoals.
 14042 | Lair:3   | Reached skill level 12 in Spellcasting
 14331 | Lair:3   | Noticed Rupert
 15542 | Lair:4   | Reached skill level 10 in Fighting
 15542 | Lair:4   | Reached skill level 10 in Conjurations
 15652 | Lair:4   | Identified the +9 lajatang "Suxkaara" {freeze, Drain rPois
                  | rN++}
 15688 | Lair:4   | Gained mutation: Your large and strong wings let you fly.
                  | [Gargoyle growth]
 15688 | Lair:4   | Reached XP level 14. HP: 51/88 MP: 22/30
 16348 | Lair:4   | Reached skill level 13 in Spellcasting
 16615 | Lair:4   | Offered knowledge of Orb of Destruction by Vehumet.
 17086 | Lair:5   | Entered Level 5 of the Lair of Beasts
 17104 | Lair:5   | Reached skill level 1 in Translocations
 17439 | Lair:5   | Reached skill level 14 in Spellcasting
 17755 | Lair:5   | Found a viscous altar of Jiyva.
 17757 | Lair:5   | Found a staircase to the Slime Pits.
 17941 | Lair:5   | Noticed a dire elephant
 17941 | Lair:5   | Noticed a dire elephant
 17942 | Lair:5   | Noticed a dire elephant
 18299 | D:3      | Killed Angani's ghost
 18496 | Lair:3   | Killed Rupert
 18825 | D:11     | Noticed Erolcha
 18825 | D:11     | Noticed Sonja
 18828 | D:11     | Killed Erolcha
 18830 | D:11     | Killed Sonja
 19275 | D:11     | Noticed Maurice
 19406 | D:11     | Found a transporter.
 19866 | D:12     | Found a staircase to the Orcish Mines.
 19867 | D:12     | Offered knowledge of Lee's Rapid Deconstruction by Vehumet.
 20595 | D:12     | Reached XP level 15. HP: 85/92 MP: 31/33
 20681 | Orc:1    | Entered Level 1 of the Orcish Mines
 20681 | Orc:1    | Noticed an orc warlord
 20695 | Orc:1    | Killed an orc warlord
 20992 | Orc:1    | Noticed Urug
 20998 | Orc:1    | Killed Urug
 21255 | Orc:1    | Found a runed translucent gate.
 21256 | Orc:1    | Found a runed translucent gate.
 21256 | Orc:1    | Found a runed translucent gate.
 21257 | Orc:1    | Noticed Vaebbe's ghost (journeyman VSBr)
 21258 | Orc:1    | Noticed Ruttas's ghost (journeyman TrGl)
 21258 | Orc:1    | Noticed Nethreeru's ghost (journeyman MiFi)
 21258 | Orc:1    | Noticed Ruttas's ghost (journeyman TrGl)
 21451 | Orc:1    | Killed Vaebbe's ghost
 21453 | Orc:1    | Killed Nethreeru's ghost
 21561 | Orc:1    | Killed Ruttas's ghost
 21573 | Orc:1    | Killed Ruttas's ghost
 21667 | Orc:2    | Entered Level 2 of the Orcish Mines
 21737 | Orc:2    | Noticed an orc warlord
 21742 | Orc:2    | Killed an orc warlord
 21743 | Orc:2    | Reached skill level 15 in Spellcasting
 21912 | Orc:2    | Found Ruew's Antique Armour Shop.
 21940 | Orc:2    | Found Ucsujol's Antique Weapon Shop.
 22008 | Orc:2    | Offered knowledge of Irradiate by Vehumet.
 22075 | Orc:2    | Found Orix's Distillery.
 22147 | Orc:2    | Found a staircase to the Elven Halls.
 22316 | Orc:2    | Found Agreunenob's General Store.
 22331 | Orc:2    | Found Fauko's Book Shop.
 22935 | D:13     | Found a hide-covered altar of Uskayaw.
 23926 | D:14     | Found a runed translucent gate.
 23926 | D:14     | Found a runed translucent gate.
 23926 | D:14     | Found a runed translucent gate.
 23926 | D:14     | Noticed Umoran's ghost (journeyman GrEE)
 23947 | D:14     | Noticed Vidul's ghost (journeyman OgTm)
 24018 | D:14     | Identified the amulet of Intouff {Acrobat Fragile Int+5}
 24020 | D:14     | Reached skill level 5 in Evocations
 24020 | D:14     | Killed from afar by a rakshasa

Illustrated notes

Levels and vault maps discovered:
D:1:      wander_arrival_peaceful_grave, layout_basic, st_stairs_2,
          chequers_serial_rivers_large_a
D:2:      layout_basic, grunt_ministairs_7, uniq_jessica
D:3:      layout_loops_cross, nicolae_yredelemnul_ghost_church,
          chequers_ecumenical_altar_island
D:4:      nicolae_cairo_tiling_very_big, layout_rooms, portal_sewer_entry_a,
          serial_shops, shop, serial_bayou_lake_a, uniq_blork_the_orc,
          uniq_natasha, uniq_edmund
D:5:      layout_rooms, lemuel_mausoleum_altar_kikubaaqudgha,
          mainiacjoe_overflow_alcove_2, temple_doors_e
D:6:      layout_basic, uniq_crazy_yiuf_cottage, uniq_sigmund
D:7:      layout_cave_pods, nzn_hepliaklqana_mist_gate, uniq_prince_ribbit1
D:8:      layout_rooms, dpeg_lair_monsters, enter_bailey_5
D:9:      layout_rooms, serial_shops, kennysheep_little_box, roderic_lattice_a
D:10:     layout_rooms, uniq_nergalle
D:11:     gammafunk_beogh_shrine, layout_basic, uniq_maurice, uniq_sonja,
          uniq_erolcha
D:12:     layout_basic, david_orc_5, gauntlet_entry_generic
D:13:     layout_roguey, eat_drink_and_be_merry_uskayaw
D:14:     minmay_the_grid_octo_tiled_squarecenter_mashed
          [minmay_the_grid_octo_focus, minmay_the_grid_octo_horde,
          minmay_the_grid_octo_pinwheel, minmay_the_grid_octo_fat_diamond,
          minmay_the_grid_square_5x5_megaprize_open,
          minmay_the_grid_square_5x5_fancy_junction,
          minmay_the_grid_square_5x5_longway, minmay_the_grid_square_5x5_n,
          minmay_the_grid_square_5x5_bridge], layout_cave_pools, david_vaults_2,
          gammafunk_ghost_cemetery, nicolae_wwwww
Temple:   regret_index_temple_chain_breaker
Lair:1:   layout_loops_ring, enter_volcano_1, gammafunk_ghost_grave,
          kennysheep_rathole, grunt_megastairs_2, uniq_gastronok
Lair:2:   layout_cellular_growth, fungi_pond_lemuel
Lair:3:   layout_cave_pods, minmay_shoals_entry_centaurs,
          minmay_snake_entry_guardpost_small, uniq_rupert
Lair:4:   nzn_winding_woodlands_large [nzn_winding_woodlands_5x5_open_star,
          nzn_winding_woodlands_5x15_sawtooth,
          nzn_winding_woodlands_5x5_checkerboard,
          nzn_winding_woodlands_center_garden,
          nzn_winding_woodlands_15x15_eel_pit,
          nzn_winding_woodlands_center_diamonds,
          nzn_winding_woodlands_5x5_cross, nzn_winding_woodlands_5x15_garden,
          nzn_winding_woodlands_5x5_perimeter], layout_small_grid,
          pdpol_lair_cavern_descent
Lair:5:   due_jungle_book, layout_long_grid, minmay_slime_entry_oklob_enclosed
Orc:1:    layout_caves, gammafunk_ghost_cemetery, nicolae_orc_rich_vein,
          uniq_urug
Orc:2:    grunt_orc_cross, layout_caves, serial_shops, nicolae_lakefront_shop

Skill      XL: |  1  2  3  4  5  6  7  8  9 10 11 12 13 14 15 |
---------------+----------------------------------------------+-----
Transmutations | 1 |  1.2
Earth Magic    | 4 5 7 9 10 11 | 11.7
Dodging        | 2 4 5 |  5.0
Fighting       | 1 2 3 5 7 8 10 | 10.0
Stealth        | 3 |  3.0
Conjurations   | 1 2 4 5 7 8 10 11 | 11.4
Spellcasting   | 3 4 5 6 8 10 11 12 14 15 | 15.0
Armour         | 2 3 5 |  5.0
Evocations     | 2 3 5 |  5.0
Air Magic      | 3 5 7 8 |  8.0
Ice Magic      | 3 8 |  8.0
Translocations | 2 |  2.0

Action                     |  1- 3 |  4- 6 |  7- 9 | 10-12 | 13-15 || total
---------------------------+-------+-------+-------+-------+-------++-------
  Melee: Unarmed           |     3 |       |       |       |       ||     3
         Whip              |     5 |       |       |       |       ||     5
         Rapier            |     6 |     4 |       |     7 |       ||    17
         Dagger            |       |    28 |       |       |       ||    28
         Staff             |       |       |    25 |    10 |       ||    35
   Cast: Sandblast         |    39 |    45 |   100 |   245 |   240 ||   669
         Stone Arrow       |       |    10 |    48 |   101 |   193 ||   352
         Arcjolt           |       |       |       |    32 |    52 ||    84
         Freezing Cloud    |       |       |       |    13 |   114 ||   127
         Blink             |       |       |       |       |     1 ||     1
  Evoke: Wand              |       |       |       |     6 |     3 ||     9
    Use: Scroll            |       |       |       |    35 |     6 ||    41
         Potion            |       |       |       |     2 |     9 ||    11
   Stab: Sleeping          |     1 |     1 |     4 |       |       ||     6
 Armour: Robe              |    16 |    15 |       |       |       ||    31
         Troll leather arm |       |     6 |    56 |   125 |   228 ||   415
  Dodge: Dodged            |    29 |    30 |    81 |   157 |   259 ||   556

Table legend: (Time is in decaauts)
 A = Elapsed time spent in this place.
 B = Non-inter-level travel time spent in this place.
 C = Inter-level travel time spent in this place.
 D = Time resting spent in this place.
 E = Time spent auto-exploring this place.
 F = Levels seen in this place.
 G = Mean time per level.
                   A        B        C        D        E       F      G
               +--------+--------+--------+--------+--------+-----+--------+
         Total |  24436 |  22869 |   1567 |   5564 |  13727 |  25 |  977.4 |
       Dungeon |  14236 |  13218 |   1018 |   2984 |   8271 |  14 | 1016.9 |
        Temple |     19 |     10 |      9 |      0 |      1 |   1 |   19.0 |
          Lair |   6581 |   6191 |    390 |   1608 |   3781 |   5 | 1316.2 |
  Orcish Mines |   1909 |   1760 |    149 |    443 |    967 |   2 |  954.5 |
         Sewer |    269 |    269 |      0 |     52 |    158 |   1 |  269.0 |
        Bailey |   1210 |   1210 |      0 |    465 |    437 |   1 | 1210.0 |
       Volcano |    209 |    209 |      0 |     11 |    112 |   1 |  209.0 |
               +--------+--------+--------+--------+--------+-----+--------+

Top non-repeatable levels by time:
  Lair:4: 2150 daAuts
     D:4: 1849 daAuts
  Lair:3: 1473 daAuts
     D:2: 1431 daAuts
     D:5: 1392 daAuts
  Lair:1: 1334 daAuts
    D:12: 1220 daAuts
  Bailey: 1210 daAuts
     D:9: 1145 daAuts
   Orc:1: 1055 daAuts
     D:7: 1053 daAuts
     D:3: 1044 daAuts
    D:13: 997 daAuts
    D:11: 927 daAuts
   Orc:2: 854 daAuts
